 Dungeon Crawl Stone Soup version 0.31-a0-675-g238779eb0a (webtiles) character file.

Game seed: 9613411347142304931

93 Dordric the Changeling (level 4, -25/28 HPs)
             Began as an Octopode Shapeshifter on Sept 5, 2023.
             Annihilated by an ogre
             ... wielding a +0 giant spiked club
              (53 damage)
             ... on level 3 of the Dungeon.
             The game lasted 00:01:45 (1473 turns).

Dordric the Changeling (Octopode Shapeshifter)      Turns: 1473, Time: 00:01:46

Health: -25/28     AC:  1    Str: 13    XL:     4   Next: 61%
Magic:  4/4        EV: 13    Int: 12    God:
Gold:   117        SH:  0    Dex: 13    Spells: 3/3 levels left

rFire   . . .        e - +4 quarterstaff (chaos)
rCold   . . .        (shield currently unavailable)
rNeg    . . .        (helmet currently unavailable)
rPois   .            n - amulet of the acrobat
rElec   .            (no ring)
rCorr   .            (no ring)
SInv    .            (no ring)
Will    .....        (no ring)
Stlth   ++           (no ring)
HPRegen 0.24/turn    (no ring)
MPRegen 0.09/turn    (no ring)
                     (no ring)

%: acrobat
@: beast-form
A: beast (slay +2), almost no armour, amphibious, 8 rings, camouflage 1,
gelatinous body 1, (nimble swimmer 1), tentacles
a: Begin Untransformation


You were on level 3 of the Dungeon.
You were a hulking beast.
You visited 1 branch of the dungeon, and saw 3 of its levels.

You collected 117 gold pieces.

Inventory:

Hand Weapons
 e - a +4 quarterstaff of chaos (weapon)
Jewellery
 n - an amulet of the acrobat (around mantle)
Talismans
 b - a beast talisman (active)
 c - a flux talisman
Wands
 a - a wand of polymorph (9)
Scrolls
 g - 2 scrolls of enchant armour
 h - a scroll of identify
 l - a scroll of noise
Potions
 d - a potion of enlightenment {unknown}
 f - 3 potions of curing {unknown}
 i - a potion of magic {unknown}
 j - 2 potions of might {unknown}
 m - a potion of attraction {unknown}
 o - a potion of haste {unknown}


   Skills:
 - Level 1.0 Fighting
 - Level 2.0 Dodging
 - Level 3.0 Unarmed Combat
 + Level 4.9 Shapeshifting


You had 3 spell levels left.
You didn't know any spells.
Your spell library contained the following spells:

 Spells                   Type           Power      Damage    Failure   Level
 Kiss of Death            Conj/Necr      0%         2d5       32%         1
 Ensorcelled Hibernation  Hex/Ice        0%         N/A       45%         2
 Confusing Touch          Hex            0%         N/A       69%         3
 Anguish                  Hex/Necr       0%         N/A       97%         4
 Dispel Undead            Necr           0%         3d6       97%         4


Dungeon Overview and Level Annotations

Branches:
Dungeon (3/15)

Altars:
Sif Muna


Innate Abilities, Weirdness & Mutations

You are a hulking beast.
Your limbs bulge with bestial killing power. (Slay +2)
You cannot wear most types of armour.
You are amphibious.
You can wear up to eight rings at the same time.
Your skin changes colour to match your surroundings (Stealth+).
Your rubbery body absorbs attacks. (AC +1, EV +1)
((You are camouflaged when in or above water. (Stealth+)))
You have tentacles for arms and can constrict up to eight enemies at once.


Message History

The adder misses you. The adder bites you.
You are poisoned.
The adder poisons you!
You thump the adder!
You kill the adder!
You feel sick.
No target in view!
No target in view!
No target in view!
No target in view!
No target in view!
You feel sick.
You feel sick.
You are no longer poisoned.
HP restored.
Found a stone staircase leading down.
You pick up a book of Dreams and begin reading...
You add the spells Ensorcelled Hibernation and Anguish to your library.
Found an escape hatch in the ceiling.
A frilled lizard comes into view.
The frilled lizard hisses angrily.
The frilled lizard completely misses you.
You miss the frilled lizard. Your grab misses the frilled lizard.
The frilled lizard barely misses you.
You sock the frilled lizard! You burn the frilled lizard.
You kill the frilled lizard!
No target in view!
No target in view!
h - a scroll of identify An ogre comes into view.
It is wielding a +0 giant spiked club.
Found a scroll of identify.
An ogre is nearby!
An ogre is nearby!
An ogre is nearby!
The ogre shouts!
You sock the ogre!
The ogre seems to grow stronger.
The ogre is heavily wounded.
The ogre hits you with a +0 giant spiked club!!!
Ouch! That really hurt!
You die...

.P....PP.#####
P..8.PP........#
P.............#
..PPP.........#
.P.P..........#
...#......<.#
##.#####..........#
.........#........#
.?.....#Oh........#
.......###.........
..O.... #.........###
....... #..#..###... .
.......###.....##.... ..
###.###....>##.#.... ...
#.###.#.#.##.#.(.###...
#.......#.##.#.......
#.......#.##.#....######


You could see an ogre (strong).

Vanquished Creatures
  Crazy Yiuf (D:2)
  2 adders
  A worm (D:2)
  2 dart slugs
  9 bats
  3 endoplasms (D:1)
  2 giant cockroaches
  2 goblins
  4 hobgoblins
  4 ball pythons
  2 frilled lizards
  5 kobolds
  4 rats
41 creatures vanquished.

Notes
Turn   | Place    | Note
-------+----------+-------------------------------------------
     0 | D:1      | Dordric the Octopode Shapeshifter began the quest for the
                  | Orb.
     0 | D:1      | Reached XP level 1. HP: 13/13 MP: 1/1
   110 | D:1      | Reached XP level 2. HP: 18/18 MP: 2/2
   388 | D:1      | Reached XP level 3. HP: 22/23 MP: 3/3
   428 | D:1      | Reached skill level 4 in Shapeshifting
  1010 | D:2      | Found a shimmering blue altar of Sif Muna.
  1308 | D:2      | Found a runed translucent door.
  1309 | D:2      | Noticed Crazy Yiuf
  1325 | D:2      | Killed Crazy Yiuf
  1326 | D:2      | Reached XP level 4. HP: 28/28 MP: 4/4
  1465 | D:3      | Noticed an ogre
  1473 | D:3      | Annihilated by an ogre

Illustrated notes

Levels and vault maps discovered:
D:1:      dpeg_arrival_erosion, layout_basic
D:2:      layout_basic, basic_altar, uniq_crazy_yiuf_cottage
D:3:      layout_basic, dreamdust_mushroom_princess

Skill      XL: |  1  2  3 |
---------------+----------+-----
Shapeshifting  | 4 |  4.9
Fighting       | |  1.0
Dodging        | |  2.0
Unarmed Combat | |  3.0

Action                     |  1- 3 |  4- 6 || total
---------------------------+-------+-------++-------
  Melee: Unarmed           |    70 |       ||    70
         Constrict         |    16 |       ||    16
         Tentacles         |    12 |     1 ||    13
         Punch             |     1 |       ||     1
         Quarterstaff      |       |     5 ||     5
    Use: Scroll            |     5 |       ||     5
         Potion            |     1 |       ||     1
   Stab: Sleeping          |     7 |       ||     7
         Distracted        |     1 |       ||     1
 Armour: Skin              |    25 |     2 ||    27
  Dodge: Dodged            |    42 |     4 ||    46

Table legend: (Time is in decaauts)
 A = Elapsed time spent in this place.
 B = Non-inter-level travel time spent in this place.
 C = Inter-level travel time spent in this place.
 D = Time resting spent in this place.
 E = Time spent auto-exploring this place.
 F = Levels seen in this place.
 G = Mean time per level.
                   A        B        C        D        E       F      G
               +--------+--------+--------+--------+--------+-----+--------+
         Total |   1469 |   1427 |     42 |     37 |   1113 |   3 |  489.7 |
       Dungeon |   1469 |   1427 |     42 |     37 |   1113 |   3 |  489.7 |
               +--------+--------+--------+--------+--------+-----+--------+

Top non-repeatable levels by time:
     D:2: 837 daAuts
     D:1: 550 daAuts
     D:3: 81 daAuts
